 Dungeon Crawl Stone Soup version 0.15-a0-462-gf669498 (webtiles) character file.

249 Infinimo the Firebug (level 5, 0/28 HPs)
             Began as a Gargoyle Fire Elementalist on May 7, 2014.
             Slain by an orc wizard
             ... wielding a cursed -3,-2 dagger
              (1 damage)
             ... on Level 3 of the Dungeon.
             The game lasted 00:06:33 (3601 turns).

Infinimo the Firebug (Gargoyle Fire Elementalist)   Turns: 3601, Time: 00:06:33

HP   0/28        AC  6     Str 11      XL: 5   Next: 53%
MP   7/11        EV 12     Int 17      God:
Gold 77          SH  0     Dex 10      Spells:  3 memorised,  2 levels left

rFire  . . .     SeeInvis .     j - +0,+2 dagger (venom)
rCold  . . .     Clarity  .     a - +0 robe
rNeg   + . .     Conserve .     (no shield)
rPois  +         rCorr    .     (no helmet)
rElec  +         rRot     +     (no cloak)
SustAb . .       Spirit   .     (no gloves)
rMut   .         Warding  .     (no boots)
Saprov . . .     Stasis   .     (no amulet)
MR     .....                    (no ring)
                                (no ring)

@: very slightly contaminated, slowed, very slow, not resistant to hostile
enchantments, unstealthy
A: life protection 1, electricity resistance, unbreathing, petrification
resistance, AC +4
a: no special abilities


You were on level 3 of the Dungeon.
You were hungry.

You visited 1 branch of the dungeon, and saw 4 of its levels.

You collected 77 gold pieces.

Inventory:

Hand weapons
 j - a +0,+2 dagger of venom (weapon)
Armour
 a - a +0 robe (worn)
Magical devices
 k - a wand of enslavement (13)
Comestibles
 c - 2 bread rations
Scrolls
 f - 3 scrolls of identify
 i - a scroll of remove curse
 n - 2 scrolls of immolation {unknown}
 o - a scroll of fear {unknown}
Potions
 d - a potion of confusion {unknown}
 g - 2 potions of curing
 h - a potion of invisibility {unknown}
 l - a potion of agility {unknown}
 m - a potion of poison {unknown}
Books
 b - a book of Flames

   Spells                             Type                      Level
   *Flame Tongue                      Conjuration/Fire             1
   Throw Flame                        Conjuration/Fire             2
   *Conjure Flame                     Conjuration/Fire             3
   Inner Flame                        Hexes/Fire                   3
   *Sticky Flame                      Conjuration/Fire             4
   Fireball                           Conjuration/Fire             5


   Skills:
 - Level 1.5 Dodging
 - Level 2.1 Stealth
 + Level 3.0 Spellcasting
 * Level 3.4 Conjurations
 * Level 4.4 Fire Magic


You had 2 spell levels left.
You knew the following spells:

 Your Spells              Type           Power        Failure   Level  Hunger
a - Flame Tongue          Conj/Fire      ###..        3%          1    None
b - Conjure Flame         Conj/Fire      ###.....     12%         3    ###....
c - Sticky Flame          Conj/Fire      ###.....     38%         4    ####...


Dungeon Overview and Level Annotations

Branches:
Dungeon (4/15)
 Temple: D:4-7

Altars:


Innate Abilities, Weirdness & Mutations

You are resistant to torment.
You are immune to poison.
You are immune to rotting.
Your stone body is very resilient (AC +4).
You resist negative energy.
You are resistant to electric shocks.
You can survive without breathing.
You are immune to petrification.


Message History

It is a scroll of identify.
Identify which item? (\ to view known items) (? for menu, Esc to quit)
k - a wand of enslavement (14) Evoke which item? (* to show all) (? for menu, Esc to quit)
Zapping:
k - a wand of enslavement (14)
Press: ? - help, Shift-Dir - straight line, f/p - orc wizard
Aim: an orc wizard, wielding a runed dagger and wearing a robe (purple smoke, heavily wounded, moving very quickly)
The orc wizard resists.
This wand has 13 charges left.
The orc wizard points at you and mumbles some strange words.
You feel as though you will be slow longer.
Read which item? (? for menu, Esc to quit)
As you read the scroll labeled IVATOITS PROD, it crumbles to dust.
You feel blessed for a moment.
It was a scroll of remove curse.
The orc wizard casts a spell at you.
You feel as though you will be slow longer.
The orc wizard gestures at you while chanting.
The magic dart hits you!
* * * LOW HITPOINT WARNING * * *
The orc wizard hits you with a runed dagger.
You die...

......##.# .......#%#
.......#.###############
.......'...............#
###....#.##########.##.#
######.# #.##.# #.######
#.##.# #.#....#####§##.#
#.+.>..'§@oo§...#
###....#####§##.#
##########....# #.##.#
..............# #.##.#
#######.......# #.##.#
..............# #.##.#
.######.#'##### #.##.#
.# #.#.# #.##.# ## #.#.#
#.##.#


You could see an orc priest and an orc wizard.

Vanquished Creatures
  An orc wizard (D:3)
  Ijyb (D:2)
  3 adders (D:2)
  3 worms (D:2)
  An ooze (D:2)
  4 orcs
  3 giant cockroaches
  8 hobgoblins
  3 jackals (D:1)
  A quokka (D:2)
  A ball python (D:3)
  13 bats
  3 giant geckos
  5 giant newts
  18 goblins
  8 kobolds
  4 rats
80 creatures vanquished.

Notes
Turn   | Place    | Note
--------------------------------------------------------------
     0 | D:1      | Infinimo, the Gargoyle Fire Elementalist, began the quest for the Orb.
     0 | D:1      | Reached XP level 1. HP: 10/10 MP: 3/3
   278 | D:1      | Reached XP level 2. HP: 13/15 MP: 1/4
   669 | D:1      | Reached XP level 3. HP: 19/19 MP: 4/6
  1592 | D:2      | Learned a level 3 spell: Conjure Flame
  1787 | D:2      | Noticed Ijyb
  1799 | D:2      | Killed Ijyb
  1799 | D:2      | Reached XP level 4. HP: 18/24 MP: 0/8
  1822 | D:2      | Reached skill level 4 in Fire Magic
  2340 | D:2      | Reached XP level 5. HP: 25/28 MP: 7/10
  3542 | D:3      | Noticed a steam dragon
  3552 | D:3      | Learned a level 4 spell: Sticky Flame
  3601 | D:3      | HP: 1/28 [orc wizard/magic dart (5)]
  3601 | D:3      | Slain by an orc wizard

Action                   |  1- 3 |  4- 6 || total
-------------------------+-------+-------++-------
Melee: Unarmed           |     4 |       ||     4
       Dagger            |    17 |     6 ||    23
 Cast: Flame Tongue      |    70 |    92 ||   162
       Conjure Flame     |       |     1 ||     1
Evoke: Wand              |       |     1 ||     1
  Use: Potion            |     1 |       ||     1
       Scroll            |       |     3 ||     3
